 Dungeon Crawl Stone Soup version 0.29.0-4-gdea44cf6ec (webtiles) character file.

Game seed: 4609060794184359957

770 qw the Cleaver (level 7, -6/61 HPs)
             Began as a Minotaur Berserker on Sept 5, 2022.
             Was a Priest of Trog.
             Mangled by a gnoll sergeant
             ... wielding a +0 spear
              (10 damage)
             ... on level 5 of the Dungeon.
             The game lasted 00:01:21 (4090 turns).

qw the Cleaver (Minotaur Berserker)                 Turns: 4090, Time: 00:01:22

Health: -6/61      AC: 14    Str: 24    XL:     7   Next: 52%
Magic:  6/6        EV:  7    Int:  2    God:    Trog [***...]
Gold:   147        SH:  0    Dex: 15    Spells: 6/6 levels left

rFire   . . .      SeeInvis .   Y - +1 war axe
rCold   . . .      Faith    .   (no shield)
rNeg    . . .      Spirit   .   l - +0 plate armour
rPois   .          Reflect  .   (helmet restricted)
rElec   .          Harm     .   (no cloak)
rCorr   .          Rampage  .   p - +0 pair of gloves
Will    +....      Rage     3%  f - +0 pair of boots
Stlth   ..........              (no amulet)
HPRegen 0.20/turn               d - +6 ring of dexterity
MPRegen 0.10/turn               (no ring)

@: lethally poisoned (-6 -> -11), on berserk cooldown, slowed, very slow
A: horns 2, retaliatory headbutt, berserk 1, dopey 1, strong-willed 1
a: Renounce Religion, Berserk, Trog's Hand


You were on level 5 of the Dungeon.
You worshipped Trog.
Trog was most pleased with you.
You visited 1 branch of the dungeon, and saw 5 of its levels.

You collected 207 gold pieces.
You spent 60 gold pieces at shops.


Innate Abilities, Weirdness & Mutations

You have a pair of horns on your head.
You reflexively headbutt those who attack you in melee.
You sometimes lose your temper in combat.
You are dopey. (Int -2)
You are strong-willed. (Will+)


   Skills:
 - Level 5.4 Fighting
 + Level 9.3 Axes
 - Level 4.1 Armour
 - Level 2.1 Dodging


You had 6 spell levels left.
You didn't know any spells.
Your spell library was empty.

Inventory:

Hand Weapons
 c - a +0 hand axe of flaming
 Y - a +1 war axe (weapon)
Missiles
 g - a boomerang (quivered)
Armour
 f - a +0 pair of boots (worn)
 l - a +0 plate armour (worn)
 p - a +0 pair of gloves (worn)
Jewellery
 d - a +6 ring of dexterity (left hand)
Scrolls
 a - a scroll of teleportation {unknown}
 j - a scroll of identify
Potions
 b - a potion of haste
 e - a potion of curing {unknown}

Dungeon Overview and Level Annotations

Branches:
Dungeon (5/15)
 Temple: D:4-7

Altars:
Kikubaaqudgha
Sif Muna
Vehumet

Shops:
D:2 ?

Annotations:
D:2 1 runed translucent door, Crazy Yiuf


Message History

The gnoll sergeant hits you but does no damage.
The gnoll sergeant barely misses you.
The gnoll hits you from afar with a +1 spear of venom.
You are more poisoned.
The gnoll hits you but does no damage.
You hit the gnoll. You headbutt the gnoll.
The gnoll is almost dead.
You slash the gnoll sergeant!
You feel very sick. The gnoll barely misses you.
The gnoll hits you from afar with a +1 spear of venom.
The gnoll sergeant barely misses you.
The gnoll sergeant hits you but does no damage.
The gnoll barely misses you. The gnoll hits you with a +0 whip.
4087 ||| DRINKING potion of heal wounds.
You feel much better.
You feel very sick. The gnoll barely misses you.
The gnoll completely misses you.
The gnoll sergeant hits you but does no damage.
You slash the gnoll!
You kill the gnoll!
Trog accepts your kill. The gnoll sergeant blocks your attack.
You feel very sick. The gnoll hits you but does no damage.
You are more poisoned.
The gnoll sergeant hits you but does no damage.
The gnoll sergeant hits you with a +0 spear.
The gnoll hits you from afar with a +1 spear of venom.
You barely miss the gnoll sergeant.
The gnoll sergeant is severely wounded.
You feel very sick.
The gnoll hits you from afar with a +1 spear of venom.
The gnoll sergeant hits you with a +0 spear.
The gnoll sergeant blocks your attack.
The gnoll sergeant is severely wounded.
You feel very sick. The gnoll hits you but does no damage.
The gnoll sergeant hits you with a +0 spear!
You die...

#### ## ##..# ..## ##...#
######...##. #..##..#.#
##.##.)......
#...#.<#.####...........#
#........#........#...##
#......##......g@)###....
#......##..#..##).....#..
...........###....g......
#....##....###..........
..... #....##...###.....
..... ##.........# ....#
.....#...#............##
....###............. ##..
#....>.####...


You could see a gnoll sergeant and a gnoll.

Vanquished Creatures
  An ogre (D:5)
  2 phantoms (D:4)
  A scorpion (D:4)
  A jelly (D:4)
  A gnoll bouda (D:4)
  An iguana (D:4)
  5 orc wizards (D:3)
  Terence (D:2)
  Robin (D:2)
  8 gnolls
  5 adders
  3 worms
  3 dart slugs
  2 orcs (D:3)
  8 ball pythons
  8 endoplasms
  4 giant cockroaches
  11 goblins
  14 hobgoblins
  7 kobolds
  3 quokkas
  11 bats
  A frilled lizard (D:1)
  3 rats
105 creatures vanquished.

Notes
Turn   | Place    | Note
-------+----------+-------------------------------------------
     0 | D:1      | qw the Minotaur Berserker began the quest for the Orb.
     0 | D:1      | Reached XP level 1. HP: 19/19 MP: 0/0
     0 | D:1      | 0 ||| qw: Version: 0.1-a-104-g96f76f8
     0 | D:1      | 0 ||| qw: Game counter: 5898
     0 | D:1      | 0 ||| qw: Always use a shield: true
     0 | D:1      | 0 ||| qw: Do Orc after D:15 true
     0 | D:1      | 0 ||| qw: Do second Lair branch before Depths: true
     0 | D:1      | 0 ||| qw: Lair rune preference: random
     0 | D:1      | 0 ||| qw: Plans: Normal
     0 | D:1      | 0 ||| PLANNING D:1-11
    50 | D:1      | Found a faded altar of an unknown god.
   207 | D:1      | Reached skill level 4 in Axes
   375 | D:1      | Reached XP level 2. HP: 25/26 MP: 1/1
   683 | D:1      | 683 ||| UPGRADING to +0 ring mail.
   693 | D:1      | 693 ||| DROPPING +0 animal skin.
   694 | D:1      | 694 ||| UPGRADING to +0 plate armour.
   704 | D:1      | 704 ||| DROPPING +0 ring mail.
   705 | D:1      | 705 ||| UPGRADING to +6 ring of dexterity.
   706 | D:1      | 706 ||| READING scroll labelled VITHISS XURASI.
   707 | D:1      | 707 ||| READING 2 scrolls labelled SYDIX XAUHORI.
   708 | D:1      | 708 ||| READING scroll labelled CAOKOE LEASO.
   725 | D:2      | 725 ||| STAIRDANCE
   725 | D:2      | Noticed Robin
   732 | D:2      | 732 ||| STAIRDANCE
   741 | D:2      | Reached skill level 5 in Axes
   741 | D:2      | 741 ||| STAIRDANCE
   744 | D:1      | Reached ** piety under Trog
   745 | D:1      | 745 ||| INVOKING Berserk.
   747 | D:1      | Reached XP level 3. HP: 16/31 MP: 2/2
   935 | D:2      | 935 ||| STAIRDANCE
   937 | D:2      | 937 ||| INVOKING Berserk.
   940 | D:2      | Killed Robin
   941 | D:2      | 941 ||| STAIRDANCE
   993 | D:2      | 993 ||| DROPPING +0 club.
  1011 | D:2      | 1011 ||| Stepping ~*~*~tactically~*~*~ (stealth).
  1171 | D:2      | 1171 ||| Stepping ~*~*~tactically~*~*~ (stealth).
  1364 | D:2      | Found a runed translucent door.
  1365 | D:2      | Noticed Crazy Yiuf
  1384 | D:2      | Reached skill level 6 in Axes
  1384 | D:2      | Reached XP level 4. HP: 39/39 MP: 3/3
  1421 | D:2      | Noticed Terence
  1424 | D:2      | 1424 ||| INVOKING Berserk.
  1425 | D:2      | Killed Terence
  1517 | D:2      | 1517 ||| Stepping ~*~*~tactically~*~*~ (stealth).
  1520 | D:2      | Found Goxuch's Magic Scroll Boutique.
  1526 | D:2      | 1526 ||| BUYING 2 scrolls of identify (40 gold).
  1526 | D:2      | Bought 2 scrolls of identify for 40 gold pieces
  1526 | D:2      | 1526 ||| SHOPLISTING scroll of enchant weapon (75 gold,
                  | have 38).
  1526 | D:2      | 1526 ||| BUYING scroll of identify (20 gold).
  1526 | D:2      | Bought a scroll of identify for 20 gold pieces
  1526 | D:2      | 1526 ||| SHOPLISTING scroll of teleportation (30 gold, have
                  | 18).
  1593 | D:2      | 1593 ||| Stepping ~*~*~tactically~*~*~ (stealth).
  1798 | D:2      | 1798 ||| DRINKING 2 sedimented purple potions.
  1799 | D:2      | 1799 ||| DRINKING 2 dark potions.
  1800 | D:2      | 1800 ||| READING 5 scrolls of identify.
  1800 | D:2      | 1800 ||| IDENTIFYING yellow potion
  1801 | D:2      | 1801 ||| READING 4 scrolls of identify.
  1801 | D:2      | 1801 ||| IDENTIFYING glowing cyan potion
  1802 | D:2      | 1802 ||| READING 3 scrolls of identify.
  1802 | D:2      | 1802 ||| IDENTIFYING brown potion
  1803 | D:2      | 1803 ||| READING 2 scrolls of identify.
  1803 | D:2      | 1803 ||| IDENTIFYING bubbling clear potion
  1804 | D:2      | 1804 ||| DROPPING potion of degeneration.
  1805 | D:2      | 1805 ||| DROPPING potion of magic.
  1806 | D:2      | 1806 ||| DROPPING potion of attraction.
  1807 | D:2      | 1807 ||| DROPPING potion of brilliance.
  1808 | D:2      | 1808 ||| DROPPING potion of berserk rage.
  1956 | D:3      | 1956 ||| SWAPPING to +0 war axe.
  1961 | D:3      | 1961 ||| DROPPING +0 hand axe.
  2018 | D:3      | Identified the +1 leather armour of Luepsass {Str+2 Int+7}
  2047 | D:3      | 2047 ||| DROPPING +0 whip.
  2199 | D:3      | Reached skill level 7 in Axes
  2199 | D:3      | Reached XP level 5. HP: 45/45 MP: 4/4
  2206 | D:3      | 2206 ||| Stepping ~*~*~tactically~*~*~ (stealth).
  2210 | D:3      | 2210 ||| Stepping ~*~*~tactically~*~*~ (stealth).
  2216 | D:3      | 2216 ||| Stepping ~*~*~tactically~*~*~ (stealth).
  2231 | D:3      | 2231 ||| Stepping ~*~*~tactically~*~*~ (stealth).
  2239 | D:3      | Reached *** piety under Trog
  2391 | D:3      | Found a radiant altar of Vehumet.
  2392 | D:3      | 2392 ||| INVOKING Berserk.
  2394 | D:3      | Reached skill level 3 in Armour
  2502 | D:3      | Found an ancient bone altar of Kikubaaqudgha.
  2504 | D:3      | 2504 ||| INVOKING Berserk.
  2626 | D:3      | Found a shimmering blue altar of Sif Muna.
  2648 | D:3      | Reached XP level 6. HP: 24/52 MP: 5/5
  2651 | D:3      | 2651 ||| Stepping ~*~*~tactically~*~*~ (cloud).
  2655 | D:3      | HP: 11/52 [something (3)]
  2944 | D:3      | 2944 ||| Stepping ~*~*~tactically~*~*~ (stealth).
  2945 | D:3      | 2945 ||| Stepping ~*~*~tactically~*~*~ (stealth).
  3090 | D:3      | 3090 ||| UPGRADING to +0 pair of boots.
  3197 | D:4      | Reached skill level 8 in Axes
  3273 | D:4      | 3273 ||| INVOKING Berserk.
  3423 | D:4      | 3423 ||| Stepping ~*~*~tactically~*~*~ (hiding).
  3544 | D:4      | 3544 ||| Stepping ~*~*~tactically~*~*~ (stealth).
  3630 | D:4      | Reached skill level 9 in Axes
  3661 | D:4      | 3661 ||| Stepping ~*~*~tactically~*~*~ (hiding).
  3663 | D:4      | 3663 ||| INVOKING Berserk.
  3668 | D:4      | Reached XP level 7. HP: 59/59 MP: 6/6
  4018 | D:4      | 4018 ||| UPGRADING to +0 pair of gloves.
  4023 | D:4      | 4023 ||| READING scroll labelled PIM TICWUNUOSE.
  4024 | D:4      | 4024 ||| READING scroll labelled ADGHUL XAEWETSO.
  4025 | D:4      | 4025 ||| READING scroll labelled OFIOTR HUOMALU.
  4026 | D:4      | 4026 ||| READING scroll labelled IGOMAUPHI.
  4027 | D:4      | 4027 ||| DRINKING 2 murky pink potions.
  4027 | D:4      | Gained mutation: You sometimes lose your temper in combat.
                  | [potion of mutation]
  4027 | D:4      | Gained mutation: You are strong-willed. (Will+) [potion of
                  | mutation]
  4027 | D:4      | Gained mutation: You are partially covered in iridescent
                  | scales. (AC +2) [potion of mutation]
  4028 | D:4      | 4028 ||| DRINKING potion of mutation.
  4028 | D:4      | Lost mutation: You sometimes lose your temper in combat.
                  | [potion of mutation]
  4028 | D:4      | Lost mutation: You are partially covered in iridescent
                  | scales. (AC +2) [potion of mutation]
  4028 | D:4      | Gained mutation: You are dopey. (Int -2) [potion of
                  | mutation]
  4028 | D:4      | Gained mutation: You sometimes lose your temper in combat.
                  | [potion of mutation]
  4029 | D:4      | 4029 ||| READING 2 scrolls of identify.
  4029 | D:4      | 4029 ||| IDENTIFYING silvery potion
  4037 | D:5      | Entered Level 5 of the Dungeon
  4066 | D:5      | 4066 ||| INVOKING Berserk.
  4086 | D:5      | HP: 14/61 [gnoll/+1 spear of venom[a gnoll sergeant] (2)]
  4087 | D:5      | 4087 ||| DRINKING potion of heal wounds.
  4090 | D:5      | HP: 4/61 [poisoned by a gnoll]
  4090 | D:5      | Mangled by a gnoll sergeant

Levels and vault maps discovered:
D:1:      roderic_crossed_star, layout_rooms, hellmonk_ecumenical_altar_run_dry
D:2:      layout_loops_cross, serial_shops, shop, uniq_terence, uniq_robin,
          uniq_crazy_yiuf_cottage
D:3:      layout_loops_cross, palyth_temple_overflow_mages
D:4:      layout_loops_ring
D:5:      layout_cave_pools, trog_butcher_becter,
          gammafunk_temple_overflow_arena, pf_guarded_unrand_meek

Skill      XL: |  1  2  3  4  5  6  7 |
---------------+----------------------+-----
Axes           | 4 5 6 7 9 |  9.3
Fighting       | 4 5 |  5.4
Armour         | 3 4 |  4.1
Dodging        | |  2.1

Action                   |  1- 3 |  4- 6 |  7- 9 || total
-------------------------+-------+-------+-------++-------
Melee: Hand axe          |    72 |    25 |       ||    97
       Headbutt          |    10 |    20 |     8 ||    38
       Punch             |     2 |     2 |       ||     4
       War axe           |       |    94 |    27 ||   121
Throw: Boomerang         |       |    23 |     9 ||    32
Invok: Berserk           |     2 |     5 |     1 ||     8
  Use: Scroll            |     3 |     4 |     5 ||    12
       Potion            |       |     2 |     3 ||     5
Armor: Plate armour      |    35 |    73 |    25 ||   133
       Animal skin       |     7 |       |       ||     7
Dodge: Dodged            |    45 |    27 |    19 ||    91

Table legend:
 A = Non-vault XP
 B = Vault XP
 C = Vault XP percentage of total XP
 D = Non-vault monster count
 E = Vault monster count
 F = Vault count percentage of total count
                 A         B        C        D         E       F
            +---------+---------+-------+---------+---------+-------
      Total |     854 |     246 |  22.4 |      86 |      19 |  18.1
            +---------+---------+-------+---------+---------+-------
        D:1 |      28 |      12 |  30.0 |      15 |       6 |  28.6
        D:2 |      51 |      57 |  52.8 |      18 |       8 |  30.8
        D:3 |      95 |     177 |  65.1 |      26 |       5 |  16.1
        D:4 |     498 |       0 |   0.0 |      22 |       0 |   0.0
        D:5 |     182 |       0 |   0.0 |       5 |       0 |   0.0
            +---------+---------+-------+---------+---------+-------
